 Dungeon Crawl Stone Soup version 0.22-a0-460-g49b1da7 (webtiles) character file.

227 saradell the Poker (level 6, -1/48 HPs)
             Began as a Human Monk on June 9, 2018.
             Slain by an ogre
             ... wielding a +0 giant club
              (20 damage)
             ... on level 4 of the Dungeon.
             The game lasted 00:37:25 (4184 turns).

saradell the Poker (Human Monk)                     Turns: 4184, Time: 00:37:26

Health: -1/48      AC:  9    Str: 12    XL:     6   Next: 22%
Magic:  6/6        EV:  6    Int: 11    God:
Gold:   151        SH:  3    Dex: 16    Spells: 5/5 levels left

rFire    . . .     SeeInvis .   a - +0 spear
rCold    . . .     Gourm    .   r - +0 buckler
rNeg     . . .     Faith    .   h - +0 chain mail
rPois    .         Spirit   .   (no helmet)
rElec    .         Reflect  .   (no cloak)
rCorr    .         Harm     .   (no gloves)
MR       .....                  f - +0 pair of boots
Stlth    ..........             (no amulet)
HPRegen  0.16/turn              (no ring)
MPRegen  0.10/turn              (no ring)

@: no status effects
A: no striking features
a: no special abilities


You were on level 4 of the Dungeon.
You were hungry.

You visited 1 branch of the dungeon, and saw 4 of its levels.

You collected 151 gold pieces.

Inventory:

Hand Weapons
 a - a +0 spear (weapon)
 l - a +0 whip
 p - a +0 battleaxe
Missiles
 e - 124 stones (quivered)
Armour
 f - a +0 pair of boots (worn)
 h - a +0 chain mail (worn)
 r - a +0 buckler (worn)
Jewellery
 o - a +5 amulet of reflection {unknown}
 s - a cursed -3 ring of protection {unknown}
Wands
 q - a wand of enslavement (8)
Scrolls
 b - a scroll of teleportation
 g - a scroll of remove curse
 i - a scroll of identify
 j - 4 scrolls of blinking
 k - a scroll of enchant armour {unknown}
 u - a scroll of amnesia {unknown}
Potions
 d - a potion of might {unknown}
 m - a potion of lignification {unknown}
 n - a potion of curing
 t - a potion of degeneration {unknown}
Comestibles
 c - a ration


   Skills:
 + Level 3.8 Fighting
 + Level 4.6 Polearms
 + Level 2.3 Armour
 + Level 3.6 Dodging
 + Level 2.6 Stealth


You had 5 spell levels left.
You didn't know any spells.
Your spell library was empty.

Dungeon Overview and Level Annotations

Branches:
Dungeon (4/15)
 Temple: D:4-7

Altars:
Fedhas
Gozag
Okawaru
Uskayaw
Zin


Message History

You now have 151 gold pieces (gained 15).
Found a grey potion.
u - a scroll labeled HYOPENTUPRA An ogre comes into view.
It is wielding a giant club.
The ogre shouts!
Found a green potion.
Found a stone staircase leading up.
You hit the ogre.
The ogre is lightly wounded.
The ogre completely misses you.
You hit the ogre.
The ogre is moderately wounded.
The ogre hits you with a giant club!!
You hit the ogre.
The ogre is heavily wounded.
You barely miss the ogre.
The ogre is heavily wounded.
The ogre hits you with a giant club!!
* * * LOW HITPOINT WARNING * * *
You feel better. The ogre hits you with a giant club!!
You die...

............. .#
.......##.(######)#
.......#..........##
..
......(.............
..
#..........###.#.#.
#<.............>...
#...†..............
#..........##...##.
####...@......# ..##
.......O......#. .#
####............###
.#..................
......##........(...
.....###......(.##..
................# #.
..<....##.....#...
....... ......#..#


You could see an ogre.

Vanquished Creatures
  2 orc priests (D:3)
  Terence (D:1)
  3 adders
  An ooze (D:3)
  4 worms (D:2)
  4 dart slugs
  4 leopard geckos
  9 orcs (D:3)
  5 giant cockroaches
  11 goblins
  9 hobgoblins
  2 ball pythons (D:2)
  6 bats
  5 frilled lizards
  11 kobolds
  9 rats
86 creatures vanquished.

Notes
Turn   | Place    | Note
-------+----------+-------------------------------------------
     0 | D:1      | saradell the Human Monk began the quest for the Orb.
     0 | D:1      | Reached XP level 1. HP: 18/18 MP: 1/1
    47 | D:1      | Reached XP level 2. HP: 21/24 MP: 2/2
   281 | D:1      | Reached XP level 3. HP: 22/29 MP: 3/3
   862 | D:2      | Found a blossoming altar of Fedhas.
   908 | D:2      | Reached skill level 4 in Polearms
   911 | D:2      | Found an opulent altar of Gozag.
  1066 | D:2      | Reached XP level 4. HP: 30/35 MP: 4/4
  1297 | D:2      | Noticed Terence
  1382 | D:1      | Killed Terence
  1382 | D:1      | Reached skill level 1 in Armour
  1644 | D:2      | Found a hide-covered altar of Uskayaw.
  1753 | D:2      | Reached XP level 5. HP: 37/41 MP: 5/5
  1777 | D:2      | Found a glowing silver altar of Zin.
  2708 | D:3      | Found an iron altar of Okawaru.
  2944 | D:3      | Reached XP level 6. HP: 44/47 MP: 6/6
  3081 | D:3      | Found a faded altar of an unknown god.
  4171 | D:4      | Noticed an ogre
  4184 | D:4      | Slain by an ogre

Vault maps used:
D:1:      scummos_arrival_simple_fountains
D:2:      nicolae_overflow_hidden_temple, marbit_many_paths,
          lemuel_doored_altar, lemuel_round_altar, st_stairs_1, hex_medium,
          kennysheep_generic_room_11, uniq_terence
D:3:      lemuel_coloured_pillars_altar, chequers_ecumenical_altar_island
D:4:      bloody_makhleb, nicolae_overflow_crystal_walls,
          minmay_temple_entry_butterflies, first_ration, minmay_small_thing,
          uniq_grinder

Skill      XL: |  1  2  3  4  5 |
---------------+----------------+-----
Polearms       | 4 |  4.6
Armour         | 1 2 |  2.3
Fighting       | |  3.8
Dodging        | |  3.6
Stealth        | |  2.6

Action                   |  1- 3 |  4- 6 || total
-------------------------+-------+-------++-------
Melee: Spear             |   138 |   321 ||   459
  Use: Scroll            |     1 |     5 ||     6
       Potion            |       |     1 ||     1
 Stab: Sleeping          |     2 |       ||     2
  Eat: Ration            |     1 |     2 ||     3
Armor: Chain mail        |    55 |   154 ||   209
       Robe              |     4 |       ||     4
Dodge: Dodged            |    50 |    75 ||   125
Block: Buckler           |       |     2 ||     2

Table legend:
 A = Spawn XP
 B = Non-spawn XP
 C = Spawn XP percentage of total XP
 D = Spawn monster count
 E = Non-spawn monster count
 F = Spawn count percentage of total count
 G = Total turns spent on level
                    A         B        C        D         E        F      G
               +---------+---------+-------+---------+---------+-------+---------
         Total |       0 |     325 |   0.0 |       0 |      86 |   0.0 |  4184
               +---------+---------+-------+---------+---------+-------+---------
           D:1 |       0 |      83 |   0.0 |       0 |      28 |   0.0 |  1015
           D:2 |       0 |      80 |   0.0 |       0 |      27 |   0.0 |  1604
           D:3 |       0 |     160 |   0.0 |       0 |      30 |   0.0 |  1514
           D:4 |       0 |       2 |   0.0 |       0 |       1 |   0.0 |    51
               +---------+---------+-------+---------+---------+-------+---------
